| TOP OF THE 1ST |
|
Duluth-Superior Dukes batting - Pitching for Huron Cubs : RHP Ben Callahan
|
|
Pitching: RHP Ben Callahan
|
|
|
Batting: RHB Ricky Sheetz
|
0-0: Ball 1-0: Ball 2-0: Foul Ball, location: 2F 2-1: Ball 3-1: Base on Balls
|
|
Batting: LHB Ralph Bryant
|
0-0: Ball 1-0: Ball 2-0: Called Strike 2-1: Called Strike 2-2: Ball 3-2: Foul Ball, location: 2F 3-2: Foul Ball, location: 2F 3-2: Foul Ball, location: 2F 3-2: Foul Ball, location: 2F 3-2: Foul Ball, location: 2F 3-2: Reached on error, E3 (Groundball, 3, EV 100.6 MPH) Ricky Sheetz to second
|
|
Batting: LHB Ron Henika
|
0-0: Called Strike 0-1: Ball 1-1: Ball 2-1: SINGLE (Groundball, 34S, EV 69.4 MPH) (infield hit) Ricky Sheetz to third Ralph Bryant to second
|
|
Batting: RHB Dave Hengel
|
0-0: Called Strike 0-1: Ball 1-1: Fly out, F9 (Line Drive, 9, EV 100.0 MPH) Runner from 3rd tags up, SCORES, throw by RF Ralph Bryant to third
|
|
Batting: RHB Jim Ferguson
|
0-0: Ball 1-0: Ball 2-0: Ball 3-0: Base on Balls Ron Henika to second
|
|
Batting: RHB Leo Vargas
|
0-0: Ball 1-0: Foul Ball, location: 2F 1-1: Ball 2-1: Ball 3-1: Fly out, F7 (Flyball, 7D, EV 95.6 MPH) Runner from 3rd tags up, SCORES, no throw by LF Ron Henika to third
|
|
Batting: RHB Cecil Whitehead
|
0-0: Called Strike 0-1: Swinging Strike 0-2: Ball 1-2: Ball 2-2: Ball 3-2: Strikes out looking
|
| Top of the 1st over - 2 runs, 1 hit, 1 error, 2 left on base; Duluth-Superior 2 - Huron 0 |
| BOTTOM OF THE 1ST |
|
Huron Cubs batting - Pitching for Duluth-Superior Dukes : RHP Anthony Kelley
|
|
Pitching: RHP Anthony Kelley
|
|
|
Batting: LHB Gary Varsho
|
0-0: Ball 1-0: Fly out, F9 (Flyball, 9, EV 97.5 MPH)
|
|
Batting: RHB Greg Zunino
|
0-0: Foul Ball, location: 2F 0-1: Foul Ball, location: 2F 0-2: Ball 1-2: Ball 2-2: Ball 3-2: DOUBLE (Line Drive, 3D, EV 96.9 MPH) - OUT at third base trying to stretch hit.
|
|
Batting: RHB Mark Carreon
|
0-0: Ground out 6-3 (Groundball, 4MS, EV 90.0 MPH)
|
| Bottom of the 1st over - 0 runs, 1 hit, 0 errors, 0 left on base; Duluth-Superior 2 - Huron 0 |
| TOP OF THE 2ND |
|
Duluth-Superior Dukes batting - Pitching for Huron Cubs : RHP Ben Callahan
|
|
Batting: RHB Hector Cervantes
|
0-0: Ball 1-0: Swinging Strike 1-1: Foul Ball, location: 2F 1-2: Ball 2-2: Strikes out looking
|
|
Batting: RHB Everette Smith
|
0-0: SINGLE (Line Drive, 5D, EV 99.4 MPH)
|
|
Batting: RHB Ricky Sheetz
|
0-0: Called Strike 0-1: Called Strike 0-2: Foul Ball, location: 2F 0-2: Ball 1-2: Ground out 3-1 (Groundball, 34S, EV 79.4 MPH) Everette Smith to second
|
|
Batting: LHB Ralph Bryant
|
0-0: Ball 1-0: Called Strike 1-1: Swinging Strike 1-2: Ball 2-2: Strikes out swinging
|
| Top of the 2nd over - 0 runs, 1 hit, 0 errors, 1 left on base; Duluth-Superior 2 - Huron 0 |
| BOTTOM OF THE 2ND |
|
Huron Cubs batting - Pitching for Duluth-Superior Dukes : RHP Anthony Kelley
|
|
Batting: LHB Willis Gonzalez
|
0-0: Called Strike 0-1: Fly out, F7 (Line Drive, 7, EV 91.3 MPH)
|
|
Batting: RHB Mike Stellern
|
0-0: Called Strike 0-1: Ball 1-1: Ball 2-1: Ground out 1-3 (Groundball, 34S, EV 70.6 MPH)
|
|
Batting: RHB Phillip Wilson
|
0-0: Called Strike 0-1: Fly out, F8 (Flyball, 89M, EV 82.5 MPH)
|
| Bottom of the 2nd over - 0 runs, 0 hits, 0 errors, 0 left on base; Duluth-Superior 2 - Huron 0 |
| TOP OF THE 3RD |
|
Duluth-Superior Dukes batting - Pitching for Huron Cubs : RHP Ben Callahan
|
|
Batting: LHB Ron Henika
|
0-0: Called Strike 0-1: Ground out 3-1 (Groundball, 23, EV 85.0 MPH)
|
|
Batting: RHB Dave Hengel
|
0-0: Ball 1-0: Ball 2-0: Ball 3-0: Called Strike 3-1: Fly out, F8 (Flyball, 8RM, EV 78.8 MPH)
|
|
Batting: RHB Jim Ferguson
|
0-0: Foul Ball, location: 2F 0-1: Ball 1-1: Ball 2-1: Foul Ball, location: 2F 2-2: Foul Ball, location: 2F 2-2: Foul Ball, location: 2F 2-2: Ball 3-2: Foul Ball, location: 2F 3-2: Base on Balls
|
|
Batting: RHB Leo Vargas
|
0-0: Ball 1-0: Ball 2-0: Called Strike 2-1: SINGLE (Flyball, 3D, EV 90.6 MPH) Jim Ferguson to second Runner from 2nd tries for 3rd, SAFE, throw by RF made to third
|
|
Batting: RHB Cecil Whitehead
|
0-0: Ball 1-0: Called Strike 1-1: Foul Ball, location: 2F 1-2: Fielders Choice at 2nd, U6 (Groundball, 6M, EV 86.9 MPH)
|
| Top of the 3rd over - 0 runs, 1 hit, 0 errors, 2 left on base; Duluth-Superior 2 - Huron 0 |
| BOTTOM OF THE 3RD |
|
Huron Cubs batting - Pitching for Duluth-Superior Dukes : RHP Anthony Kelley
|
|
Batting: SHB Keith Smith
|
0-0: Ball 1-0: Ball 2-0: Ball 3-0: Called Strike 3-1: Base on Balls
|
|
Batting: RHB Scot Holliday
|
0-0: Ball 1-0: Ball 2-0: Grounds into double play, 5-4-3 (Groundball, 56, EV 94.4 MPH)
|
|
Batting: SHB Chris Pittaro
|
0-0: SINGLE (Groundball, 34D, EV 108.1 MPH)
|
|
Batting: LHB Gary Varsho
|
0-0: Ball 1-0: Called Strike 1-1: Ball 2-1: Fly out, F9 (Flyball, 9LM, EV 81.3 MPH)
|
| Bottom of the 3rd over - 0 runs, 1 hit, 0 errors, 1 left on base; Duluth-Superior 2 - Huron 0 |
| TOP OF THE 4TH |
|
Duluth-Superior Dukes batting - Pitching for Huron Cubs : RHP Ben Callahan
|
|
Batting: RHB Hector Cervantes
|
0-0: SINGLE (Flyball, 3D, EV 86.9 MPH)
|
|
Batting: RHB Everette Smith
|
0-0: Ball 1-0: Grounds into double play, 5-4-3 (Groundball, 5S, EV 89.4 MPH)
|
|
Batting: RHB Ricky Sheetz
|
0-0: Ball 1-0: Foul Ball, location: 2F 1-1: Ball 2-1: Fly out, F9 (Flyball, 9D, EV 88.8 MPH)
|
| Top of the 4th over - 0 runs, 1 hit, 0 errors, 0 left on base; Duluth-Superior 2 - Huron 0 |
| BOTTOM OF THE 4TH |
|
Huron Cubs batting - Pitching for Duluth-Superior Dukes : RHP Anthony Kelley
|
|
Batting: RHB Greg Zunino
|
0-0: Ball 1-0: Fly out, F8 (Flyball, 8LM, EV 91.9 MPH)
|
|
Batting: RHB Mark Carreon
|
0-0: Fly out, F4 (Line Drive, 4, EV 66.9 MPH)
|
|
Batting: LHB Willis Gonzalez
|
0-0: Foul Ball, location: 2F 0-1: Foul Ball, location: 2F 0-2: Foul Ball, location: 2F 0-2: Ball 1-2: Strikes out swinging, 2-3 out at first.
|
| Bottom of the 4th over - 0 runs, 0 hits, 0 errors, 0 left on base; Duluth-Superior 2 - Huron 0 |
| TOP OF THE 5TH |
|
Duluth-Superior Dukes batting - Pitching for Huron Cubs : RHP Ben Callahan
|
|
Batting: LHB Ralph Bryant
|
0-0: Ball 1-0: Ball 2-0: Ball 3-0: Called Strike 3-1: Fly out, F7 (Flyball, 7, EV 90.0 MPH)
|
|
Batting: LHB Ron Henika
|
0-0: Called Strike 0-1: Ball 1-1: Ground out 4-3 (Groundball, 4, EV 85.0 MPH)
|
|
Batting: RHB Dave Hengel
|
0-0: Ball 1-0: Fly out, F7 (Flyball, 78S, EV 82.5 MPH)
|
| Top of the 5th over - 0 runs, 0 hits, 0 errors, 0 left on base; Duluth-Superior 2 - Huron 0 |
| BOTTOM OF THE 5TH |
|
Huron Cubs batting - Pitching for Duluth-Superior Dukes : RHP Anthony Kelley
|
|
Batting: RHB Mike Stellern
|
0-0: Ball 1-0: Foul Ball, location: 2F 1-1: Ball 2-1: Ball 3-1: Swinging Strike 3-2: SINGLE (Flyball, 56D, EV 98.1 MPH)
|
|
Batting: RHB Phillip Wilson
|
0-0: Called Strike 0-1: Called Strike 0-2: Ball 1-2: Fly out, F7 (Flyball, 78M, EV 86.3 MPH)
|
|
Batting: SHB Keith Smith
|
0-0: Called Strike 0-1: Ball 1-1: SINGLE (Groundball, 4MD, EV 95.0 MPH) Mike Stellern to second Runner from 2nd tries for 3rd, SAFE, throw by CF made to third
|
|
Batting: RHB Scot Holliday
|
0-0: 3-RUN HOME RUN (Flyball, 7D, EV 98.8 MPH), Distance : 379 ft
|
|
Batting: SHB Chris Pittaro
|
0-0: Ball 1-0: Ground out 4-3 (Groundball, 4, EV 88.8 MPH)
|
|
Batting: LHB Gary Varsho
|
0-0: Swinging Strike 0-1: Fly out, F4 (Flyball, 4D, EV 88.8 MPH)
|
| Bottom of the 5th over - 3 runs, 3 hits, 0 errors, 0 left on base; Duluth-Superior 2 - Huron 3 |
| TOP OF THE 6TH |
|
Duluth-Superior Dukes batting - Pitching for Huron Cubs : RHP Ben Callahan
|
|
Batting: RHB Jim Ferguson
|
0-0: Ball 1-0: Ball 2-0: Ball 3-0: Called Strike 3-1: Ground out 6-3 (Groundball, 56D, EV 91.3 MPH)
|
|
Batting: RHB Leo Vargas
|
0-0: Ground out 4-3 (Groundball, 4, EV 89.4 MPH)
|
|
Batting: RHB Cecil Whitehead
|
0-0: Ball 1-0: Called Strike 1-1: Fly out, F6 (Flyball, 6D, EV 82.5 MPH)
|
| Top of the 6th over - 0 runs, 0 hits, 0 errors, 0 left on base; Duluth-Superior 2 - Huron 3 |
| BOTTOM OF THE 6TH |
|
Huron Cubs batting - Pitching for Duluth-Superior Dukes : RHP Anthony Kelley
|
|
Batting: RHB Greg Zunino
|
0-0: Ball 1-0: Ball 2-0: Ball 3-0: Called Strike 3-1: Base on Balls
|
|
Batting: RHB Mark Carreon
|
0-0: Fielders Choice at 2nd, 6-4 (Groundball, 6, EV 81.9 MPH)
|
|
Batting: LHB Willis Gonzalez
|
0-0: Ball 1-0: Ball 2-0: Called Strike Mark Carreon steals 2nd base 2-1: Intentional Walk
|
|
Batting: RHB Mike Stellern
|
0-0: Fielders Choice at 2nd, 4-6 (Groundball, 34, EV 92.5 MPH) Mark Carreon to third
|
|
Batting: RHB Phillip Wilson
|
0-0: Called Strike 0-1: Single, Error in OF, E9, batter to second base (Line Drive, 9S, EV 98.8 MPH) Mark Carreon scores Mike Stellern to third
|
|
Batting: SHB Keith Smith
|
0-0: Ball 1-0: Ball 2-0: Ball 3-0: Called Strike 3-1: Foul Ball, location: 2F 3-2: SINGLE (Line Drive, 9S, EV 109.4 MPH) Mike Stellern scores Phillip Wilson to third Phillip Wilson scores
|
|
Pitching: LHP Kenneth Lindsey
|
|
|
Batting: RHB Scot Holliday
|
0-0: Ball 1-0: Ball 2-0: Ball 3-0: Base on Balls Keith Smith to second
|
|
Batting: SHB Chris Pittaro
|
0-0: Fly out, F7 (Flyball, 7, EV 96.3 MPH)
|
| Bottom of the 6th over - 3 runs, 2 hits, 1 error, 2 left on base; Duluth-Superior 2 - Huron 6 |
| TOP OF THE 7TH |
|
Duluth-Superior Dukes batting - Pitching for Huron Cubs : RHP Ben Callahan
|
|
Batting: RHB Hector Cervantes
|
0-0: Ball 1-0: TRIPLE (Line Drive, 78XD, EV 114.4 MPH)
|
|
Batting: RHB Everette Smith
|
0-0: Called Strike 0-1: Ball 1-1: Foul Ball, location: 2F 1-2: Ball 2-2: Strikes out swinging
|
|
Batting: RHB Ricky Sheetz
|
0-0: Called Strike 0-1: Foul Ball, location: 2F 0-2: Foul Ball, location: 2F 0-2: Ball 1-2: Ball 2-2: SINGLE (Line Drive, 5D, EV 105.0 MPH) Hector Cervantes scores
|
|
Batting: LHB Ralph Bryant
|
0-0: Ball 1-0: Called Strike 1-1: Foul Ball, location: 2F 1-2: Foul Ball, location: 2F 1-2: Ball 2-2: Foul Ball, location: 2F 2-2: Fly out, F6 (Popup, 6S, EV 72.5 MPH)
|
|
Batting: LHB Ron Henika
|
0-0: Called Strike 0-1: Ground out U3 (Groundball, 3L, EV 109.4 MPH)
|
| Top of the 7th over - 1 run, 2 hits, 0 errors, 1 left on base; Duluth-Superior 3 - Huron 6 |
| BOTTOM OF THE 7TH |
|
Huron Cubs batting - Pitching for Duluth-Superior Dukes : LHP Kenneth Lindsey
|
|
Batting: LHB Gary Varsho
|
0-0: Ground out 1-3 (Groundball, 15S, EV 77.5 MPH)
|
|
Batting: RHB Greg Zunino
|
0-0: Fly out, F8 (Flyball, 8LM, EV 89.4 MPH)
|
|
Batting: RHB Mark Carreon
|
0-0: Ball 1-0: Called Strike 1-1: Foul Ball, location: 2F 1-2: Strikes out swinging
|
| Bottom of the 7th over - 0 runs, 0 hits, 0 errors, 0 left on base; Duluth-Superior 3 - Huron 6 |
| TOP OF THE 8TH |
|
Duluth-Superior Dukes batting - Pitching for Huron Cubs : RHP Ben Callahan
|
|
Batting: RHB Dave Hengel
|
0-0: Called Strike 0-1: DOUBLE (Line Drive, 5D, EV 99.4 MPH)
|
|
Batting: RHB Jim Ferguson
|
0-0: Ball 1-0: Ball 2-0: Called Strike 2-1: SINGLE (Groundball, 56D, EV 98.8 MPH) Dave Hengel to third Runner from 3rd tries for Home, SAFE, throw by LF to home
|
|
Batting: RHB Leo Vargas
|
0-0: Ball 1-0: Fly out, F9 (Flyball, 9S, EV 86.3 MPH)
|
|
Batting: RHB Cecil Whitehead
|
0-0: Ball 1-0: Foul Ball, location: 2F 1-1: Called Strike 1-2: Ball 2-2: Grounds into double play, 6-4-3 (Groundball, 6, EV 92.5 MPH)
|
| Top of the 8th over - 1 run, 2 hits, 0 errors, 0 left on base; Duluth-Superior 4 - Huron 6 |
| BOTTOM OF THE 8TH |
|
Huron Cubs batting - Pitching for Duluth-Superior Dukes : LHP Kenneth Lindsey
|
|
Batting: LHB Willis Gonzalez
|
0-0: Foul Ball, location: 2F 0-1: Ball 1-1: Called Strike 1-2: Foul Ball, location: 2F 1-2: Ball 2-2: Strikes out swinging
|
|
Batting: RHB Mike Stellern
|
0-0: Swinging Strike 0-1: Swinging Strike 0-2: Ball 1-2: Foul Ball, location: 2F 1-2: SOLO HOME RUN (Flyball, 78XD, EV 97.5 MPH), Distance : 426 ft
|
|
Batting: RHB Phillip Wilson
|
0-0: Ball 1-0: SINGLE (Flyball, 8LS, EV 85.6 MPH)
|
|
Batting: SHB Keith Smith
|
0-0: Reached on error, E1 (Groundball, 15S, EV 66.3 MPH) Phillip Wilson to second
|
|
Batting: RHB Scot Holliday
|
0-0: Ball 1-0: Foul Ball, location: 2F 1-1: Foul Ball, location: 2F 1-2: Ball 2-2: Foul Ball, location: 2F 2-2: Fly out, F6 (Popup, P, EV 86.9 MPH)
|
|
Batting: SHB Chris Pittaro
|
0-0: SINGLE (Line Drive, 89S, EV 92.5 MPH) Phillip Wilson to third Keith Smith to second Runner from 3rd tries for Home, SAFE, throw by RF to home
|
|
Batting: LHB Gary Varsho
|
0-0: Ball 1-0: Ball 2-0: Swinging Strike 2-1: Foul Ball, location: 2F 2-2: SINGLE (Line Drive, 4D, EV 96.3 MPH) Keith Smith to third Chris Pittaro to second Runner from 3rd tries for Home, SAFE, throw by CF to home
|
|
Batting: RHB Greg Zunino
|
0-0: Called Strike 0-1: Fly out, F8 (Flyball, 8RXD, EV 91.3 MPH)
|
| Bottom of the 8th over - 3 runs, 4 hits, 1 error, 2 left on base; Duluth-Superior 4 - Huron 9 |
| TOP OF THE 9TH |
|
Duluth-Superior Dukes batting - Pitching for Huron Cubs : RHP Ben Callahan
|
|
Batting: RHB Hector Cervantes
|
0-0: Ball 1-0: Called Strike 1-1: Ball 2-1: Ball 3-1: Fly out, F3 (Popup, 3SF, EV 81.9 MPH)
|
|
Batting: RHB Everette Smith
|
0-0: Ball 1-0: Ball 2-0: Ball 3-0: Called Strike 3-1: Called Strike 3-2: Ground out 6-3 (Groundball, 6, EV 78.1 MPH)
|
|
Batting: RHB Ricky Sheetz
|
0-0: Ball 1-0: Called Strike 1-1: Foul Ball, location: 2F 1-2: Foul Ball, location: 2F 1-2: Fly out, F8 (Flyball, 8RXD, EV 88.8 MPH)
|
| Top of the 9th over - 0 runs, 0 hits, 0 errors, 0 left on base; Duluth-Superior 4 - Huron 9 |
|